[ AOE2 MATCH · #495955644 ]
UnrankedMalay vs Franks
Player's team · LOSS
Rival team · WIN
[ REPLAY ANALYSIS · EXTRACTED FROM THE RECORDED GAME ]
Feudal
9:45
Castle
19:44
Imperial
36:00
| APM avg | 58.8 |
| APM peak | 94 |
| eAPM avg | 36.6 |
| Villagers / military | 138 / 119 |
Focus
⚔️ 31.9% · 🌾 68.1%
Spearman ×83 · Archer ×20 · Monk ×12 · Trebuchet (Packed) ×4
Feudal
9:17
Castle
17:23
Imperial
33:44
| APM avg | 60.3 |
| APM peak | 89 |
| eAPM avg | 31.1 |
| Villagers / military | 182 / 90 |
Focus
⚔️ 34.9% · 🌾 65.1%
Knight ×75 · Monk ×5 · Scorpion ×4 · Mangonel ×3 · Trebuchet (Packed) ×3
Match map
Initial resources + every placement click. Lines = walls · curves = elevation contours. ◆ gold · ⬟ stone · ● berries · ✦ relic · ◌ wall gap
Your base· ✓ Closed at 19:44 · 60t walls · no gate
Franot's base· Open — opponent sealed themselves in
Smoothed initial terrain · ◌ = detected wall gap · hover for details
Inputs per minute
— HR FabiaN - - Franot
Build order — HR FabiaN
First 150 of 459 actions detected
| 0:00 | Queue | Villager (Male) |
| 0:00 | Queue | Villager (Male) |
| 0:02 | Build | House |
| 0:02 | Build | House |
| 0:05 | Queue | Villager (Male) |
| 0:05 | Queue | Villager (Male) |
| 1:28 | Queue | Villager (Male) |
| 1:57 | Queue | Villager (Male) |
| 1:57 | Queue | Villager (Male) |
| 2:16 | Build | Mill |
| 2:20 | Queue | Villager (Male) |
| 2:20 | Queue | Villager (Male) |
| 2:58 | Queue | Villager (Male) |
| 2:58 | Queue | Villager (Male) |
| 3:31 | Queue | Villager (Male) |
| 3:54 | Queue | Villager (Male) |
| 3:55 | Queue | Villager (Male) |
| 3:55 | Queue | Villager (Male) |
| 4:24 | Queue | Villager (Male) |
| 4:24 | Queue | Villager (Male) |
| 4:24 | Queue | Villager (Male) |
| 4:42 | Research | Loom |
| 4:42 | Research | Loom |
| 4:42 | Research | Loom |
| 4:43 | Build | House |
| 4:49 | Queue | Villager (Male) |
| 5:09 | Queue | Villager (Male) |
| 5:43 | Build | Lumber Camp |
| 5:43 | Queue | Villager (Male) |
| 6:06 | Queue | Villager (Male) |
| 6:24 | Queue | Villager (Male) |
| 6:27 | Build | House |
| 6:45 | Build | Palisade Wall |
| 6:47 | Build | Palisade Wall |
| 6:49 | Queue | Villager (Male) |
| 7:07 | Queue | Villager (Male) |
| 7:10 | Build | Palisade Wall |
| 7:11 | Build | Palisade Wall |
| 7:39 | Build | Palisade Wall |
| 7:50 | Queue | Villager (Male) |
| 7:59 | Build | Palisade Wall |
| 8:25 | Research | Feudal Age |
| 8:25 | Research | Feudal Age |
| 9:24 | Build | Barracks |
| 9:40 | Queue | Villager (Male) |
| 9:45 | Age | Feudal Age |
| 9:49 | Research | Double-Bit Axe |
| 9:49 | Research | Double-Bit Axe |
| 10:04 | Build | House |
| 10:05 | Build | Palisade Wall |
| 10:11 | Build | Palisade Wall |
| 10:12 | Queue | Spearman |
| 10:13 | Queue | Villager (Male) |
| 10:17 | Queue | Villager (Male) |
| 10:28 | Queue | Villager (Male) |
| 10:47 | Build | House |
| 10:48 | Queue | Villager (Male) |
| 10:51 | Build | Mill |
| 10:57 | Queue | Spearman |
| 11:17 | Build | Archery Range |
| 11:18 | Queue | Villager (Male) |
| 11:33 | Build | Farm |
| 11:39 | Build | Mining Camp |
| 11:50 | Queue | Villager (Male) |
| 12:10 | Queue | Archer |
| 12:12 | Build | Farm |
| 12:13 | Build | Farm |
| 12:13 | Queue | Villager (Male) |
| 12:21 | Build | House |
| 12:28 | Queue | Villager (Male) |
| 12:30 | Build | Farm |
| 12:41 | Build | House |
| 12:47 | Queue | Archer |
| 12:47 | Queue | Archer |
| 12:59 | Queue | Villager (Male) |
| 13:09 | Queue | Villager (Male) |
| 13:11 | Build | Farm |
| 13:25 | Build | Blacksmith |
| 13:37 | Queue | Villager (Male) |
| 13:56 | Queue | Villager (Male) |
| 13:59 | Build | House |
| 14:00 | Queue | Villager (Male) |
| 14:04 | Build | Farm |
| 14:05 | Queue | Archer |
| 14:09 | Research | Fletching |
| 14:09 | Research | Fletching |
| 14:13 | Build | House |
| 14:15 | Queue | Villager (Male) |
| 14:32 | Build | House |
| 14:33 | Queue | Villager (Male) |
| 14:34 | Queue | Archer |
| 14:37 | Build | Farm |
| 14:40 | Build | Farm |
| 14:58 | Queue | Villager (Male) |
| 15:00 | Build | Farm |
| 15:16 | Build | House |
| 15:19 | Build | Farm |
| 15:20 | Queue | Villager (Male) |
| 15:21 | Queue | Archer |
| 15:44 | Queue | Villager (Male) |
| 15:48 | Build | Farm |
| 15:51 | Build | Palisade Wall |
| 15:53 | Queue | Villager (Male) |
| 15:55 | Build | House |
| 15:58 | Build | House |
| 16:07 | Build | Farm |
| 16:08 | Queue | Villager (Male) |
| 16:12 | Queue | Archer |
| 16:23 | Queue | Archer |
| 16:27 | Build | House |
| 16:30 | Build | House |
| 16:31 | Queue | Villager (Male) |
| 16:32 | Build | Farm |
| 17:02 | Build | House |
| 17:06 | Build | House |
| 17:18 | Queue | Archer |
| 17:19 | Queue | Villager (Male) |
| 17:48 | Build | Lumber Camp |
| 17:54 | Research | Castle Age |
| 17:54 | Research | Castle Age |
| 17:54 | Research | Castle Age |
| 17:56 | Queue | Archer |
| 17:58 | Build | House |
| 18:07 | Build | House |
| 18:12 | Build | House |
| 18:20 | Queue | Spearman |
| 18:40 | Queue | Archer |
| 18:41 | Queue | Spearman |
| 18:44 | Queue | Villager (Male) |
| 18:46 | Build | House |
| 19:08 | Queue | Villager (Male) |
| 19:12 | Queue | Archer |
| 19:14 | Build | House |
| 19:20 | Queue | Spearman |
| 19:26 | Queue | Archer |
| 19:37 | Build | House |
| 19:42 | Queue | Archer |
| 19:44 | Age | Castle Age |
| 19:47 | Queue | Villager (Male) |
| 19:49 | Build | Monastery |
| 19:52 | Build | Town Center |
| 19:55 | Research | Bow Saw |
| 19:55 | Research | Bow Saw |
| 19:55 | Research | Bow Saw |
| 20:03 | Build | House |
| 20:04 | Research | Bodkin Arrow |
| 20:04 | Research | Bodkin Arrow |
| 20:04 | Research | Bodkin Arrow |
| 20:17 | Queue | Villager (Male) |
| 20:17 | Queue | Villager (Male) |
Build order — Franot
First 150 of 449 actions detected
| 0:00 | Queue | Villager (Male) |
| 0:00 | Queue | Villager (Male) |
| 0:02 | Build | House |
| 0:02 | Build | House |
| 0:15 | Queue | Villager (Male) |
| 0:25 | Queue | Villager (Male) |
| 0:25 | Queue | Villager (Male) |
| 1:24 | Queue | Villager (Male) |
| 1:55 | Build | Lumber Camp |
| 1:58 | Queue | Villager (Male) |
| 2:13 | Queue | Villager (Male) |
| 2:48 | Queue | Villager (Male) |
| 2:49 | Queue | Villager (Male) |
| 3:04 | Queue | Villager (Male) |
| 3:05 | Queue | Villager (Male) |
| 3:29 | Queue | Villager (Male) |
| 3:32 | Build | House |
| 3:39 | Queue | Villager (Male) |
| 4:17 | Build | Mill |
| 4:36 | Queue | Villager (Male) |
| 4:41 | Queue | Villager (Male) |
| 4:41 | Queue | Villager (Male) |
| 5:01 | Queue | Villager (Male) |
| 5:01 | Queue | Villager (Male) |
| 6:02 | Build | House |
| 6:04 | Queue | Villager (Male) |
| 6:04 | Queue | Villager (Male) |
| 6:12 | Queue | Villager (Male) |
| 6:12 | Queue | Villager (Male) |
| 6:22 | Build | Palisade Wall |
| 6:36 | Build | Palisade Wall |
| 7:07 | Research | Feudal Age |
| 7:13 | Build | Palisade Wall |
| 7:42 | Build | House |
| 7:44 | Build | Palisade Wall |
| 7:45 | Build | Palisade Wall |
| 7:45 | Build | Palisade Wall |
| 7:46 | Build | Palisade Wall |
| 7:47 | Queue | Villager (Male) |
| 7:58 | Build | Palisade Wall |
| 8:00 | Build | House |
| 8:05 | Build | Palisade Wall |
| 8:54 | Queue | Villager (Male) |
| 9:01 | Queue | Villager (Male) |
| 9:05 | Queue | Villager (Male) |
| 9:14 | Build | Barracks |
| 9:17 | Age | Feudal Age |
| 9:19 | Research | Double-Bit Axe |
| 9:22 | Queue | Villager (Male) |
| 9:24 | Build | Farm |
| 10:09 | Build | Stable |
| 10:10 | Queue | Villager (Male) |
| 10:11 | Queue | Villager (Male) |
| 10:29 | Build | Farm |
| 10:35 | Queue | Villager (Male) |
| 10:47 | Build | Farm |
| 10:51 | Build | Farm |
| 10:51 | Queue | Villager (Male) |
| 10:57 | Queue | Villager (Male) |
| 11:08 | Build | Farm |
| 11:33 | Build | Mining Camp |
| 11:56 | Build | Farm |
| 12:16 | Build | Farm |
| 12:18 | Build | Farm |
| 12:31 | Build | Farm |
| 12:58 | Queue | Villager (Male) |
| 13:05 | Build | Lumber Camp |
| 13:07 | Queue | Villager (Male) |
| 13:57 | Build | Blacksmith |
| 14:00 | Queue | Villager (Male) |
| 14:10 | Build | Farm |
| 14:11 | Build | Farm |
| 14:30 | Build | Farm |
| 14:43 | Research | Castle Age |
| 15:18 | Build | Farm |
| 15:18 | Build | Farm |
| 15:21 | Build | Farm |
| 15:34 | Queue | Villager (Male) |
| 15:39 | Build | Farm |
| 15:42 | Research | Scale Barding Armor |
| 15:50 | Build | Stable |
| 16:08 | Build | House |
| 16:08 | Build | House |
| 16:18 | Research | Gold Mining |
| 16:56 | Build | House |
| 17:00 | Build | House |
| 17:07 | Build | House |
| 17:23 | Age | Castle Age |
| 17:23 | Queue | Villager (Male) |
| 17:25 | Build | Siege Workshop |
| 17:25 | Queue | Knight |
| 17:26 | Queue | Knight |
| 17:29 | Queue | Villager (Male) |
| 17:45 | Research | Bow Saw |
| 17:45 | Queue | Villager (Male) |
| 17:46 | Queue | Knight |
| 17:46 | Queue | Knight |
| 17:57 | Queue | Knight |
| 18:06 | Build | House |
| 18:07 | Build | House |
| 18:18 | Queue | Knight |
| 18:26 | Queue | Knight |
| 18:26 | Queue | Knight |
| 18:36 | Queue | Villager (Male) |
| 18:43 | Queue | Villager (Male) |
| 18:47 | Build | Monastery |
| 18:53 | Queue | Knight |
| 18:53 | Queue | Knight |
| 19:12 | Queue | Villager (Male) |
| 19:22 | Queue | Villager (Male) |
| 19:27 | Queue | Knight |
| 19:44 | Build | Town Center |
| 19:46 | Queue | Villager (Male) |
| 19:49 | Queue | Monk |
| 19:50 | Queue | Villager (Male) |
| 19:58 | Queue | Villager (Male) |
| 20:19 | Research | Husbandry |
| 20:23 | Queue | Mangonel |
| 20:27 | Queue | Villager (Male) |
| 20:29 | Queue | Villager (Male) |
| 20:45 | Queue | Villager (Male) |
| 20:49 | Queue | Villager (Male) |
| 20:52 | Queue | Knight |
| 20:53 | Queue | Knight |
| 21:01 | Queue | Villager (Male) |
| 21:05 | Queue | Villager (Male) |
| 21:16 | Queue | Villager (Male) |
| 21:24 | Queue | Knight |
| 21:24 | Queue | Knight |
| 21:25 | Queue | Villager (Male) |
| 21:28 | Build | Farm |
| 21:28 | Build | Farm |
| 21:28 | Build | Farm |
| 21:29 | Build | Farm |
| 21:47 | Build | Siege Workshop |
| 21:50 | Queue | Knight |
| 21:50 | Queue | Knight |
| 21:54 | Queue | Villager (Male) |
| 22:00 | Queue | Villager (Male) |
| 22:03 | Research | Loom |
| 22:04 | Queue | Villager (Male) |
| 22:06 | Queue | Villager (Male) |
| 22:16 | Queue | Villager (Male) |
| 22:20 | Build | House |
| 22:44 | Queue | Villager (Male) |
| 22:45 | Queue | Villager (Male) |
| 22:46 | Queue | Villager (Male) |
| 23:00 | Queue | Villager (Male) |
| 23:02 | Queue | Villager (Male) |
| 23:04 | Queue | Villager (Male) |
Match timeline
| 6:22 | Franot · wall_segment Palisade Wall x4 |
| 6:36 | Franot · wall_segment Palisade Wall x11 |
| 6:45 | HR FabiaN · wall_segment Palisade Wall x8 |
| 6:47 | HR FabiaN · wall_segment Palisade Wall x11 |
| 7:10 | HR FabiaN · wall_segment Palisade Wall x8 |
| 7:11 | HR FabiaN · wall_segment Palisade Wall x18 |
| 7:13 | Franot · wall_segment Palisade Wall x8 |
| 7:39 | HR FabiaN · wall_segment Palisade Wall x13 |
| 7:44 | Franot · wall_segment Palisade Wall x1 |
| 7:45 | Franot · wall_segment Palisade Wall x1 |
| 7:45 | Franot · wall_segment Palisade Wall x1 |
| 7:46 | Franot · wall_segment Palisade Wall x1 |
| 7:58 | Franot · wall_segment Palisade Wall x1 |
| 7:59 | HR FabiaN · wall_segment Palisade Wall x4 |
| 8:05 | Franot · wall_segment Palisade Wall x12 |
| 9:14 | Franot · first_building Barracks |
| 9:17 | Franot · age_up feudal |
| 9:24 | HR FabiaN · first_building Barracks |
| 9:45 | HR FabiaN · age_up feudal |
| 10:05 | HR FabiaN · wall_segment Palisade Wall x3 |
| 10:09 | Franot · first_building Stable |
| 10:11 | HR FabiaN · wall_segment Palisade Wall x8 |
| 11:17 | HR FabiaN · first_building Archery Range |
| 15:51 | HR FabiaN · wall_segment Palisade Wall x1 |
| 17:23 | Franot · age_up castle |
| 17:25 | Franot · first_building Siege Workshop |
| 18:47 | Franot · first_building Monastery |
| 19:44 | HR FabiaN · age_up castle |
| 19:49 | HR FabiaN · first_building Monastery |
| 23:01 | HR FabiaN · wall_segment Palisade Wall x1 |
| 24:53 | HR FabiaN · first_market_sell 100 wood |
| 28:07 | HR FabiaN · wall_segment Stone Wall x1 |
| 28:33 | HR FabiaN · first_building Castle |
| 30:33 | HR FabiaN · first_market_buy 100 food |
| 31:11 | Franot · first_market_buy 100 stone |
| 31:25 | Franot · first_building Castle |
| 33:44 | Franot · age_up imperial |
| 36:00 | HR FabiaN · age_up imperial |
| 36:50 | Franot · first_market_sell 100 stone |
| 40:21 | HR FabiaN · resign |
[ AI ANALYSIS · 1 CREDIT ]
What really happened in this match?
Wolo.gg analyzes every decision: build order, eco, micro, common mistakes by bracket. Personalized analysis on WhatsApp or Discord in 30 seconds.
Civ guide
Malay
Perfil
FabiaN